 Dungeon Crawl Stone Soup version 0.27.1-33-g824d729ab1 (webtiles) character file.

Game seed: 17128574320465226923

1315 Violens the Covered (level 8, -2/69 HPs)
             Began as a Minotaur Fighter on Dec 6, 2021.
             Slain by a killer bee (4 damage)
             ... on level 8 of the Dungeon on Dec 7, 2021.
             The game lasted 00:26:14 (4979 turns).

Violens the Covered (Minotaur Fighter)              Turns: 4979, Time: 00:26:15

Health: -2/69      AC: 16    Str: 22    XL:     8   Next: 33%
Magic:  7/7        EV:  5    Int: 11    God:
Gold:   301        SH:  0    Dex: 11    Spells: 7/7 levels left

rFire    . . .     SeeInvis .   b - +2 falchion (holy)
rCold    . . .     Faith    .   c - +0 kite shield
rNeg     . . .     Spirit   .   d - +0 plate armour
rPois    .         Reflect  .   (helmet restricted)
rElec    .         Harm     .   (no cloak)
rCorr    .         Rampage  .   (no gloves)
Will     .....                  q - +2 pair of boots
Stlth    ..........             (no amulet)
HPRegen  0.21/turn              k - +6 ring of intelligence
MPRegen  0.10/turn              (no ring)

@: confused, lethally poisoned (-2 -> -14), slowed, very slow
A: horns 2, retaliatory headbutt
a: no special abilities


You were on level 8 of the Dungeon.
You visited 1 branch of the dungeon, and saw 8 of its levels.

You collected 301 gold pieces.

Inventory:

Hand Weapons
 a - a +0 war axe
 b - a +2 falchion of holy wrath (weapon)
Missiles
 e - 10 silver javelins (quivered)
 f - 60 bolts
 o - 13 poisoned darts
 v - 3 atropa-tipped darts
 G - 8 boomerangs
Armour
 c - a +0 kite shield (worn)
 d - a +0 plate armour (worn)
 q - a +2 pair of boots (worn)
Jewellery
 k - a +6 ring of intelligence (left hand)
Wands
 j - a wand of mindburst (15)
 r - a wand of flame (26)
 t - a wand of iceblast (7)
 x - a wand of charming (6)
 D - a wand of acid (4)
Scrolls
 h - 2 scrolls of immolation
 s - a scroll of noise {unknown}
 u - 2 scrolls of identify
 y - a scroll of enchant weapon {unknown}
 z - a scroll of brand weapon {unknown}
 A - a scroll of vulnerability {unknown}
 B - a scroll of magic mapping {unknown}
 E - a scroll of enchant armour {unknown}
Potions
 g - a potion of haste
 i - a potion of attraction {unknown}
 l - a potion of might
 m - 3 potions of curing
 n - a potion of cancellation {unknown}
 p - 2 potions of flight
 w - a potion of magic {unknown}
 C - a potion of degeneration {unknown}
 F - a potion of heal wounds {unknown}


   Skills:
 + Level 5.4 Fighting
 + Level 6.4 Long Blades
 + Level 3.0 Axes
 + Level 0.3 Throwing
 + Level 7.7 Armour
 + Level 1.0 Dodging
 + Level 0.2 Stealth
 + Level 6.8 Shields


You had 7 spell levels left.
You didn't know any spells.
Your spell library was empty.

Dungeon Overview and Level Annotations

Branches:
Dungeon (8/15)
 Temple: D:4-7         Lair: D:8-11

Altars:
Dithmenos
Gozag
Makhleb
Qazlal

Annotations:
D:8 Erica


Innate Abilities, Weirdness & Mutations

You have a pair of horns on your head.
You reflexively headbutt those who attack you in melee.


Message History

You kill the killer bee!
You climb downwards.
You feel sick.
The howler monkey howls!
You hear a shout!
Found 22 gold pieces, 43 stones, a twisted diamond ring and 15 sling bullets.
Found a stone staircase leading down.
There is a stone staircase leading up here.
You feel sick. You block the killer bee's attack.
The killer bee barely misses you. You block the killer bee's attack.
The killer bee stings you but does no damage. x2
Erica gestures at you while chanting.
You are confused.
Your plate armour prevents you from hitting the killer bee.
The killer bee is moderately wounded.
You feel sick. The killer bee stings you. The killer bee completely misses you.
The killer bee stings you but does no damage.
The killer bee barely misses you. x3
The killer bee stings you but does no damage.
Erica casts a spell at you.
You feel yourself slow down. The killer bee stings you.
* * * LOW HITPOINT WARNING * * *
The killer bee stings you but does no damage.
Found a rapier.
You feel sick. The killer bee stings you.
* * * LOW HITPOINT WARNING * * *
You are more poisoned.
The killer bee poisons you!
The killer bee stings you but does no damage. x5
The killer bee stings you.
* * * LOW HITPOINT WARNING * * *
The killer bee stings you but does no damage.
You hit the killer bee.
The killer bee is lightly wounded.
You feel very sick.
The killer bee stings you but does no damage.
The killer bee stings you.
* * * LOW HITPOINT WARNING * * *
The killer bee stings you.
* * * LOW HITPOINT WARNING * * *
You are more poisoned.
The killer bee poisons you! The killer bee stings you.
You die...

#..............
..............
.##............
......>.=....##.
.............@..
..............$.
.......#........
.......@y.......
...##..yy.......
...............
..........h.....
...............#
......(...(.....
..............#.
).............#
..(...........


You could see Erica, a howler monkey and 3 killer bees.

Vanquished Creatures
  Sigmund (D:3)
  A sky beast (D:7)
  An ice beast (D:5)
  2 ogres
  A centaur (D:7)
  A bullfrog (D:7)
  Blork the orc (D:5)
  A scorpion (D:5)
  2 wyvern skeletons
  A killer bee (D:7)
  A jelly (D:7)
  A bullfrog skeleton (D:6)
  3 iguanas
  Ijyb (D:3)
  A scorpion zombie (D:5)
  A hound skeleton (D:4)
  4 gnolls (D:3)
  7 adders
  A shadow imp (D:6)
  An adder skeleton (D:4)
  2 worms
  A dart slug (D:4)
  5 orcs
  2 endoplasms
  7 giant cockroaches
  7 goblins
  6 hobgoblins
  4 jackals (D:3)
  3 quokkas
  4 bats
  3 frilled lizards
  4 kobolds
  5 rats
86 creatures vanquished.

Notes
Turn   | Place    | Note
-------+----------+-------------------------------------------
     0 | D:1      | Violens the Minotaur Fighter began the quest for the Orb.
     0 | D:1      | Reached XP level 1. HP: 19/19 MP: 0/0
    45 | D:1      | Found a faded altar of an unknown god.
   237 | D:1      | Reached XP level 2. HP: 27/27 MP: 1/1
   703 | D:2      | Reached skill level 4 in Armour
   703 | D:2      | Reached XP level 3. HP: 19/33 MP: 2/2
  1400 | D:3      | Reached skill level 1 in Long Blades
  1429 | D:3      | Found a shadowy altar of Dithmenos.
  1975 | D:3      | Noticed Sigmund
  1988 | D:3      | Killed Sigmund
  1989 | D:3      | Reached skill level 5 in Armour
  1989 | D:3      | Reached XP level 4. HP: 10/41 MP: 3/3
  1989 | D:3      | Reached XP level 5. HP: 11/47 MP: 4/4
  2481 | D:3      | Reached XP level 6. HP: 23/53 MP: 5/5
  2808 | D:3      | Noticed Ijyb
  2822 | D:3      | Killed Ijyb
  3255 | D:4      | Reached skill level 5 in Shields
  3289 | D:4      | Reached skill level 6 in Armour
  3545 | D:5      | Entered Level 5 of the Dungeon
  3680 | D:5      | Found an opulent altar of Gozag.
  3681 | D:5      | Found a burning altar of Makhleb.
  3752 | D:5      | Noticed Blork the orc
  3765 | D:5      | Killed Blork the orc
  3766 | D:5      | Reached XP level 7. HP: 57/60 MP: 6/6
  3860 | D:5      | Reached skill level 5 in Long Blades
  4134 | D:6      | Reached skill level 5 in Fighting
  4279 | D:6      | Found a stormy altar of Qazlal.
  4609 | D:7      | Reached skill level 7 in Armour
  4630 | D:7      | Reached skill level 1 in Dodging
  4630 | D:7      | Reached XP level 8. HP: 48/68 MP: 7/7
  4975 | D:8      | Noticed Erica
  4979 | D:8      | HP: 2/69 [killer bee (6)]
  4979 | D:8      | Slain by a killer bee

Illustrated notes

Levels and vault maps discovered:
D:1:      lightli_arrival_windingriver, layout_rooms,
          hellmonk_ecumenical_altar_lost_god
D:2:      layout_basic
D:3:      layout_basic, nicolae_dithmenos_shadow_blocks, serial_aquarium,
          aquarium_bridge_square [aquarium_subvault_balcony,
          aquarium_subvault_bridge, aquarium_subvault_wall,
          aquarium_subvault_bridge], aquarium_window_3, aquarium_window_2,
          aquarium_window_1, aquarium_window_fake, aquarium_view_2e,
          st_stairs_6, chequers_mini_garden, uniq_sigmund, uniq_ijyb
D:4:      layout_rooms
D:5:      layout_basic, gammafunk_temple_overflow_pools, serial_shops,
          nicolae_shop_statue_plus, uniq_blork_the_orc
D:6:      layout_basic, grunt_qazlal_clouds
D:7:      layout_cave_pools, minmay_temple_entry_mist, uniq_duvessa
D:8:      layout_cave_pools, mainiacjoe_overflow_chevrons,
          gammafunk_temple_overflow_wave, uniq_maurice, uniq_erica, uniq_joseph

Skill      XL: |  1  2  3  4  5  6  7 |
---------------+----------------------+-----
Fighting       | 4 5 |  5.4
Shields        | 4 5 6 |  6.8
Armour         | 4 5 6 7 |  7.7
Long Blades    | 3 4 6 |  6.4
Axes           | 3 |  3.0
Dodging        | 1 |  1.0
Throwing       | |  0.3
Stealth        | |  0.2

Action                   |  1- 3 |  4- 6 |  7- 9 || total
-------------------------+-------+-------+-------++-------
Melee: War axe           |     9 |       |       ||     9
       Headbutt          |    16 |    23 |    21 ||    60
       Falchion          |    63 |   116 |    71 ||   250
Throw: Javelin           |       |     2 |       ||     2
  Use: Scroll            |     3 |     2 |       ||     5
Armor: Chain mail        |    28 |       |       ||    28
       Scale mail        |     1 |       |       ||     1
       Plate armour      |    11 |    69 |    65 ||   145
Dodge: Dodged            |    11 |    20 |    36 ||    67
Block: Kite shield       |    26 |    76 |    53 ||   155
       Rpst.: Falchion   |     2 |     4 |     7 ||    13
